 Dungeon Crawl Stone Soup version 0.19.0-2-gae57169 (webtiles) character file.

141 zxpr0jk the Shield-Bearer (level 5, 0/45 HPs)
             Began as a Minotaur Fighter on Nov 4, 2016.
             Slain by Grinder (7 damage)
             ... on level 3 of the Dungeon.
             The game lasted 00:02:07 (2148 turns).

zxpr0jk the Shield-Bearer (Minotaur Fighter)        Turns: 2148, Time: 00:02:10

Health: 0/45       AC:  8    Str: 25    XL:     5   Next: 3%
Magic:  4/4        EV:  9    Int:  5    God:
Gold:   141        SH: 10    Dex: 11    Spells: 0 memorised, 4 levels left

rFire  . . .     SeeInvis .     a - +0 long sword
rCold  . . .     Gourm    .     b - +0 scale mail
rNeg   . . .     Faith    .     c - +0 shield
rPois  .         Spirit   .     (helmet restricted)
rElec  .         Reflect  .     r - +0 cloak
rCorr  .         Harm     .     (no gloves)
MR     .....                    (no boots)
Stlth  ..........               (no amulet)
                                (no ring)
                                (no ring)

@: mighty
A: retaliatory headbutt, horns 2
a: no special abilities


You were on level 3 of the Dungeon.
You were not hungry.

You visited 1 branch of the dungeon, and saw 3 of its levels.

You collected 141 gold pieces.

Inventory:

Hand Weapons
 a - a +0 long sword (weapon)
Armour
 b - a +0 scale mail (worn)
 c - a +0 shield (worn)
 r - a +0 cloak (worn)
Scrolls
 g - 7 scrolls of identify {unknown}
 i - 2 scrolls of remove curse {unknown}
 j - 3 scrolls of noise {unknown}
 l - a scroll of immolation {unknown}
 m - a scroll of fear {unknown}
 n - a scroll of fog {unknown}
 o - 4 scrolls of teleportation {unknown}
 q - a scroll of enchant weapon {unknown}
 s - a scroll of amnesia {unknown}
 t - 2 scrolls of enchant armour {unknown}
 y - a scroll of magic mapping {unknown}
Potions
 d - a potion of might
 e - 2 potions of brilliance {unknown}
 h - a potion of berserk rage {unknown}
 k - a potion of lignification {unknown}
 p - a potion of magic {unknown}
 u - a potion of flight {unknown}
 w - a potion of cancellation {unknown}
Comestibles
 f - 4 bread rations
 v - 3 fruits
 x - a meat ration
 z - 8 chunks of flesh


   Skills:
 - Level 3.6 Fighting
 - Level 2.4 Long Blades
 - Level 3.6 Armour
 + Level 3.7 Dodging
 - Level 5.3 Shields


You had 4 spell levels left.
You didn't know any spells.

Dungeon Overview and Level Annotations

Branches:
Dungeon (3/15)

Altars:

Annotations:
D:3 Grinder


Innate Abilities, Weirdness & Mutations

You reflexively headbutt those who attack you in melee.
You have a pair of horns on your head.


Message History

Your shield and scale mail prevent you from hitting Grinder.
Grinder hits you.
You writhe in agony.
Grinder grins, showing sharp teeth.
You block Grinder's attack.
You closely miss Grinder. Your headbutt misses Grinder. Grinder hits you.
You writhe in agony.
Your shield prevents you from hitting Grinder.
You headbutt Grinder.
Grinder is lightly wounded.
Grinder closely misses you. You furiously retaliate!
You headbutt Grinder.
You riposte.
You closely miss Grinder. You headbutt Grinder!
Grinder is severely wounded.
You slash Grinder!
Grinder is almost dead.
Grinder hits you!
* * * LOW HITPOINT WARNING * * *
You writhe in agony.
* * * LOW HITPOINT WARNING * * *
Grinder hits you!
You die...

########################
......5@................
########################
.................
########.........
.###########.#.......
.............#.###### ##
########....##.# # #..
#....##.# # . ###.#####
#######....##<#


You could see Grinder.

Vanquished Creatures
  An orc priest (D:3)
  An orc wizard (D:3)
  2 adders (D:3)
  3 dart slugs
  A leopard gecko (D:2)
  5 orcs (D:3)
  2 giant cockroaches
  10 goblins
  6 hobgoblins
  3 jackals (D:1)
  4 bats
  4 frilled lizards
  6 kobolds
  8 rats
56 creatures vanquished.

Notes
Turn   | Place    | Note
-------+----------+-------------------------------------------
     0 | D:1      | zxpr0jk the Minotaur Fighter began the quest for the Orb.
     0 | D:1      | Reached XP level 1. HP: 19/19 MP: 0/0
    98 | D:1      | Reached skill level 4 in Shields
   143 | D:1      | Reached XP level 2. HP: 26/26 MP: 1/1
   696 | D:1      | Reached skill level 5 in Shields
   866 | D:2      | Reached XP level 3. HP: 31/31 MP: 2/2
  1697 | D:3      | Reached skill level 1 in Dodging
  1955 | D:3      | Reached XP level 4. HP: 28/39 MP: 3/3
  1983 | D:3      | Reached XP level 5. HP: 35/45 MP: 4/4
  2043 | D:3      | Found a faded altar of an unknown god.
  2137 | D:3      | Noticed Grinder
  2139 | D:3      | Paralysed by Grinder for 5 turns
  2148 | D:3      | Slain by Grinder

Skill      XL: |  1  2  3  4 |
---------------+-------------+-----
Shields        | 4 5 |  5.3
Dodging        | 2 3 |  3.7
Fighting       | |  3.6
Long Blades    | |  2.4
Armour         | |  3.6

Action                   |  1- 3 |  4- 6 || total
-------------------------+-------+-------++-------
Melee: Long sword        |    92 |    24 ||   116
       Headbutt          |    12 |     5 ||    17
  Use: Potion            |       |     1 ||     1
  Eat: Chunk             |     2 |     1 ||     3
       Fruit             |     1 |       ||     1
Armor: Scale mail        |    31 |     5 ||    36
Dodge: Dodged            |    22 |     5 ||    27
Block: Shield            |    40 |    10 ||    50
       Rpst.: Long sword |     5 |     2 ||     7
